 Dungeon Crawl Stone Soup version 0.31-a0-986-g5e6e4ef867 (webtiles) character file.

Game seed: 10101884364266079966

229 Dittersdorf the Shield-Bearer (level 6, -2/39 HPs)
             Began as a Gargoyle Fighter on Nov 3, 2023.
             Slain by an ogre
             ... wielding a +0 giant club
              (29 damage)
             ... on level 4 of the Dungeon.
             The game lasted 00:02:04 (2936 turns).

Dittersdorf the Shield-Bearer (Gargoyle Fighter)    Turns: 2936, Time: 00:02:04

Health: -2/39      AC: 12    Str: 21    XL:     6   Next: 3%
Magic:  6/6        EV:  9    Int:  9    God:
Gold:   174        SH:  4    Dex:  9    Spells: 5/5 levels left

rFire   . . .        a - +0 flail
rCold   . . .        c - +0 buckler
rNeg    + . .        b - +0 scale mail
rPois   ∞            (no helmet)
rElec   +            (no cloak)
rCorr   .            s - +0 pair of gloves
SInv    .            (no boots)
Will    .....        (no amulet) Stlth
                     (no ring)
HPRegen 0.26/turn    (no ring)
MPRegen 0.10/turn

%: no passive effects
@: no status effects
A: sickness immunity, AC +4, negative energy resistance 1, electricity
resistance, torment resistance 1, petrification resistance
a: no special abilities


You were on level 4 of the Dungeon.
You visited 1 branch of the dungeon, and saw 4 of its levels.

You collected 174 gold pieces.

Inventory:

Hand Weapons
 a - a +0 flail (weapon)
Armour
 b - a +0 scale mail (worn)
 c - a +0 buckler (worn)
 s - a +0 pair of gloves (worn)
Wands
 q - a wand of paralysis (12)
 r - a wand of flame (26) (quivered)
Scrolls
 h - 2 scrolls of teleportation
 j - a scroll of immolation
 k - 3 scrolls of identify {unknown}
 l - 2 scrolls of enchant armour {unknown}
 m - a scroll of summoning {unknown}
 o - a scroll of revelation {unknown}
 p - a scroll of vulnerability {unknown}
Potions
 d - 3 potions of might
 e - a potion of invisibility {unknown}
 f - a potion of lignification {unknown}
 g - 2 potions of curing {unknown}
 i - 2 potions of heal wounds {unknown}
 n - a potion of enlightenment {unknown}


   Skills:
 + Level 4.5 Fighting
 + Level 3.4 Maces & Flails
 + Level 4.5 Armour
 + Level 4.5 Shields


You had 5 spell levels left.
You didn't know any spells.
Your spell library was empty.

Dungeon Overview and Level Annotations

Branches:
Dungeon (4/15)
 Temple: D:4-7

Altars:
Vehumet
Wu Jian
Zin


Innate Abilities, Weirdness & Mutations

You are immune to sickness and miasma.
Your stone body is resilient. (AC +4)
You are immune to poison.
You resist negative energy. (rN+)
You are resistant to electric shocks. (rElec)
You are resistant to unholy torment.
You are immune to petrification.


Message History

There is a stone staircase leading down here.
You climb downwards.
The hound barks!
The orc shouts!
You hear a shout!
Found a purple potion and 2 lumpy brown potions.
There is a stone staircase leading up here.
There are monsters nearby!
You block the hound's attack. The hound bites you but does no damage.
You climb upwards.
There is a stone staircase leading down here.
You sock the hound!
The hound is almost dead.
The hound bites you. The hound bites you but does no damage.
You completely miss the hound.
The hound is almost dead.
You block the hound's attack.
You hit the hound.
You kill the hound!
You have reached level 6!
You start resting.
HP restored.
You climb downwards.
The orc hits you but does no damage. The orc hits you with a +0 club.
There is a stone staircase leading up here.
You hit the orc but do no damage. The orc hits you with a +0 club.
You hit the ogre.
The ogre is lightly wounded.
The orc misses you. The ogre closely misses you.
You barely miss the ogre.
The ogre is lightly wounded.
An orc priest comes into view. It is wielding a +0 dagger.
The orc hits you with a +0 club. The ogre hits you with a +0 giant club.
The orc hits you but does no damage.
The orc priest looks satisfied for a moment.
You completely miss the ogre.
The ogre is lightly wounded.
The orc hits you but does no damage.
A hobgoblin comes into view.
The ogre hits you with a +0 giant club!!
Ouch! That really hurt!
You die...

.... .... .#
...!. ... .....
.... ## ......
.....#.##......
#............
#....@O......
.go.....o.....#
............###
............#
##.....#....#
#..#.. ...##
#..... !###
###... .#


You could see an ogre, an orc priest, an orc and a hobgoblin (wandering).

Vanquished Creatures
  A hound (D:3)
  Natasha (thrice) (D:2)
  7 adders
  2 dart slugs
  3 orcs (D:3)
  10 ball pythons
  5 endoplasms
  4 giant cockroaches
  5 goblins
  3 hobgoblins (D:1)
  7 kobolds
  2 quokkas
  3 bats
  2 frilled lizards (D:1)
  4 rats
61 creatures vanquished.

Notes
Turn   | Place    | Note
-------+----------+-------------------------------------------
     0 | D:1      | Dittersdorf the Gargoyle Fighter began the quest for the
                  | Orb.
     0 | D:1      | Reached XP level 1. HP: 14/14 MP: 1/1
    96 | D:1      | Reached XP level 2. HP: 19/19 MP: 2/2
   245 | D:1      | Reached XP level 3. HP: 23/23 MP: 3/3
   506 | D:1      | Found a faded altar of an unknown god.
   646 | D:2      | Found a glowing silver altar of Zin.
   837 | D:2      | Reached XP level 4. HP: 29/29 MP: 4/4
  1033 | D:2      | Noticed Natasha
  1037 | D:2      | Killed Natasha
  1211 | D:2      | Noticed Natasha
  1233 | D:2      | Killed Natasha
  1234 | D:2      | Reached XP level 5. HP: 15/33 MP: 5/5
  1726 | D:2      | Noticed Natasha
  1743 | D:2      | Killed Natasha
  1744 | D:2      | Found a glowing silver altar of Zin.
  2264 | D:3      | Found an ornate altar of the Wu Jian Council.
  2422 | D:3      | Found a radiant altar of Vehumet.
  2915 | D:3      | Reached XP level 6. HP: 34/39 MP: 6/6
  2936 | D:4      | Slain by an ogre

Illustrated notes

Levels and vault maps discovered:
D:1:      psy_arrival_dodecagon, layout_rooms,
          hellmonk_ecumenical_altar_blasted, interstate_on_off,
          minmay_tetromino_i4
D:2:      layout_basic, basic_altar, uniq_natasha
D:3:      layout_basic, mainiacjoe_overflow_chevrons, vehumet_altar_wand_db
D:4:      layout_cave_pools, uniq_eustachio, uniq_duvessa

Skill      XL: |  1  2  3  4 |
---------------+-------------+-----
Fighting       | 4 |  4.5
Armour         | 4 |  4.5
Shields        | 4 |  4.5
Maces & Flails | 3 |  3.4

Action                     |  1- 3 |  4- 6 || total
---------------------------+-------+-------++-------
  Melee: Flail             |   126 |   127 ||   253
    Use: Scroll            |       |     1 ||     1
 Armour: Scale mail        |   116 |   104 ||   220
  Dodge: Dodged            |    78 |    61 ||   139
  Block: Buckler           |    40 |    32 ||    72

Table legend: (Time is in decaauts)
 A = Elapsed time spent in this place.
 B = Non-inter-level travel time spent in this place.
 C = Inter-level travel time spent in this place.
 D = Time resting spent in this place.
 E = Time spent auto-exploring this place.
 F = Levels seen in this place.
 G = Mean time per level.
                   A        B        C        D        E       F      G
               +--------+--------+--------+--------+--------+-----+--------+
         Total |   3025 |   2916 |    109 |     90 |   2288 |   4 |  756.2 |
       Dungeon |   3025 |   2916 |    109 |     90 |   2288 |   4 |  756.2 |
               +--------+--------+--------+--------+--------+-----+--------+

Top non-repeatable levels by time:
     D:2: 1450 daAuts
     D:3: 931 daAuts
     D:1: 631 daAuts
     D:4: 11 daAuts
